 Dungeon Crawl Stone Soup version 0.30-a0-782-ge64f9170bb (webtiles) character file.

Game seed: 13447001005863515001

25 Flugslaktarn the Trooper (level 2, 0/24 HPs)
             Began as a Demonspawn Fighter on Mar 7, 2023.
             Slain by Terence
             ... wielding a +1 hand axe of flaming
              (2 damage)
             ... on level 2 of the Dungeon.
             The game lasted 00:00:23 (675 turns).

Flugslaktarn the Trooper (Demonspawn Fighter)        Turns: 675, Time: 00:00:24

Health: 0/24       AC:  6    Str: 16    XL:     2   Next: 86%
Magic:  2/2        EV: 13    Int:  9    God:
Gold:   55         SH:  4    Dex: 12    Spells: 1/1 levels left

rFire   . . .      SeeInvis .    a - +0 war axe
rCold   . . .      Faith    .    c - +0 buckler
rNeg    . . .      Spirit   .    b - +0 scale mail
rPois   .          Reflect  .    (no helmet)
rElec   .          Harm     .    (no cloak)
rCorr   .          Rampage  .    (no gloves)
Will    .....                    (no boots) Stlth
                                 (no amulet)
HPRegen 0.24/turn                (no ring)
MPRegen 0.08/turn                (no ring)

@: agile
A: powered by pain 1
a: no special abilities


You were on level 2 of the Dungeon.
You visited 1 branch of the dungeon, and saw 2 of its levels.

You collected 55 gold pieces.

Inventory:

Hand Weapons
 a - a +0 war axe (weapon)
Armour
 b - a +0 scale mail (worn)
 c - a +0 buckler (worn)
Scrolls
 f - a scroll of torment {unknown}
 j - a scroll of teleportation {unknown}
 k - 3 scrolls of fog {unknown}
 l - a scroll of identify {unknown}
Potions
 d - a potion of might
 e - a potion of flight {unknown}
 g - a potion of cancellation {unknown}
 h - 2 potions of brilliance {unknown}
 i - 2 potions of curing {unknown}


   Skills:
 + Level 3.3 Fighting
 * Level 2.5 Axes
 + Level 3.0 Armour
 - Level 2.6 Shields


You had one spell level left.
You didn't know any spells.
Your spell library was empty.

Dungeon Overview and Level Annotations

Branches:
Dungeon (2/15)

Altars:

Annotations:
D:2 1 runed translucent door, Crazy Yiuf, Terence


Innate Abilities, Weirdness & Mutations

You sometimes gain a little power by taking damage.


Message History

The jackal barely misses you.
You barely miss the jackal. You block the jackal's attack.
The jackal barely misses you.
You slash the jackal!
You kill the jackal!
You block the jackal's attack.
You closely miss the jackal. The jackal bites you. x2
You closely miss the jackal.
The jackal bites you but does no damage.
You block the jackal's attack.
You closely miss the jackal.
The jackal bites you but does no damage. x2
You hit the jackal.
The jackal is heavily wounded.
The jackal barely misses you.
The jackal bites you but does no damage.
You hit the jackal but do no damage.
The jackal is heavily wounded.
The jackal bites you but does no damage.
The jackal barely misses you.
You hit the jackal.
The jackal is severely wounded.
The jackal barely misses you.
You hit the jackal.
You kill the jackal!
Your Armour skill increases to level 3!
Unknown command.
You now have 44 gold pieces (gained 9).
A kobold comes into view. It is wielding a +0 short sword.
A kobold is nearby!
A kobold is nearby!
You see here 11 gold pieces.
A goblin comes into view. It is wielding a +0 dagger.
The goblin shouts!
The kobold hits you with a +0 short sword.
You slash the kobold!
You kill the kobold!
The goblin hits you with a +0 dagger.
You slash the goblin!
You kill the goblin!
No target in view!
No target in view!
No target in view!
You now have 55 gold pieces (gained 11).
Found a stone staircase leading down.
l - a scroll labelled VEUNERI JETANY Unknown command.
You see here a +0 ring mail.
You see here a +0 ring mail.
Done exploring.
Done exploring.
No target in view!
No target in view!
(D) Dungeon
Where to? (? - help)
Things that are here:
a jackal skeleton; a jackal skeleton; a jackal skeleton
There is a stone staircase leading down here.
You climb downwards.
Found a ring mail.
There is a stone staircase leading up here.
Unknown command.
Found a hammer.
Found a runed translucent door.
Crazy Yiuf shouts!
Terence the Incautious comes into view.
He is wielding a +1 hand axe of flaming.
Terence shouts!
Terence is nearby!
Terence hits you but does no damage.
You barely miss Terence. Terence hits you but does no damage.
You barely miss Terence. You block Terence's attack.
You slash Terence!
Terence is heavily wounded.
Terence hits you with a +1 hand axe of flaming.
Terence burns you.
Terence hits you with a +1 hand axe of flaming.
Terence burns you.
You hit Terence.
Terence is severely wounded.
Terence hits you with a +1 hand axe of flaming!
You focus on the pain.
You feel agile all of a sudden. Terence burns you.
You are too injured to fight recklessly!
You are too injured to fight recklessly!
Unknown command.
You barely miss Terence.
Terence is severely wounded.
Terence hits you but does no damage. Terence misses you.
Unknown command.
You closely miss Terence.
Terence is severely wounded.
Terence hits you with a +1 hand axe of flaming.
* * * LOW HITPOINT WARNING * * *
Terence burns you.
* * * LOW HITPOINT WARNING * * *
Unknown command.
You hit Terence but do no damage.
Terence is severely wounded.
Terence hits you with a +1 hand axe of flaming.
You die...

.# ##+##.#.. # #####
##.....#.. #.#...#
.............#...#
........ .. ....##
#.....##.# #....##
........[# #.....####
.#....########...#....##
.<..............@@......
####....######...#####.#
##..## #...# ♣....♣
#...# ♣♣...♣ #...# ♣♣.♣♣
##### ♣♣.♣ ♣.♣♣ ♣♣.♣


You could see Terence.

Vanquished Creatures
  An endoplasm (D:1)
  A giant cockroach (D:1)
  A goblin (D:1)
  A hobgoblin (D:1)
  7 jackals (D:1)
  2 kobolds (D:1)
  A quokka (D:1)
  2 ball pythons (D:1)
  3 bats (D:1)
  2 rats (D:1)
21 creatures vanquished.

Notes
Turn   | Place    | Note
-------+----------+-------------------------------------------
     0 | D:1      | Flugslaktarn the Demonspawn Fighter began the quest for the
                  | Orb.
     0 | D:1      | Reached XP level 1. HP: 18/18 MP: 1/1
   142 | D:1      | Gained mutation: You sometimes gain a little power by
                  | taking damage. [demonic ancestry]
   142 | D:1      | Reached XP level 2. HP: 20/24 MP: 2/2
   648 | D:2      | Found a runed translucent door.
   649 | D:2      | Noticed Crazy Yiuf
   665 | D:2      | Noticed Terence
   674 | D:2      | HP: 1/24 [Terence/+1 hand axe of flaming (2)]
   675 | D:2      | Slain by Terence

Illustrated notes

Levels and vault maps discovered:
D:1:      onia_arrival_mini_spirals, layout_rooms
D:2:      layout_basic, uniq_crazy_yiuf_cottage, uniq_terence

Skill      XL: |  1  2 |
---------------+-------+-----
Axes           | 2 |  2.5
Armour         | 3 |  3.0
Fighting       | |  3.3
Shields        | |  2.6

Action                     || total
---------------------------++-------
  Melee: War axe           ||    61
 Armour: Scale mail        ||    42
  Dodge: Dodged            ||    32
  Block: Buckler           ||    15

Table legend: (Time is in decaauts)
 A = Elapsed time spent in this place.
 B = Non-inter-level travel time spent in this place.
 C = Inter-level travel time spent in this place.
 D = Time resting spent in this place.
 E = Time spent auto-exploring this place.
 F = Levels seen in this place.
 G = Mean time per level.
                   A        B        C        D        E       F      G
               +--------+--------+--------+--------+--------+-----+--------+
         Total |    701 |    651 |     50 |      0 |    498 |   2 |  350.5 |
       Dungeon |    701 |    651 |     50 |      0 |    498 |   2 |  350.5 |
               +--------+--------+--------+--------+--------+-----+--------+

Top non-repeatable levels by time:
     D:1: 661 daAuts
     D:2: 39 daAuts
